AoeStats
← ecerva.27

Nomad

510345550Analyzed
2v2 RM · 1d ago on Sep 30, 2026· 44m 58s· 4 players
Game mode
Random Map
Map size
176×176
Population
200
Speed
Normal
Resources
Standard
Victory
Conquest
Starting age
Dark Age
Ending age
Imperial Age
RankedLock teamsTeams togetherTeam positionsShared explorationLock speedFull tech treeHidden civsTurbo modeCheats
Victory
Defeat
🇨🇳 Vikings · China
1273
+14
🇭🇰 Varangians · Hong Kong SAR China
1228
+16
🇲🇽 Goths · Mexico
1266
-16
🇵🇪 Italians · Peru
1192
-14
julianwhlaw
2:52 Loom
13:08 Feudal Age
14:01 Double-Bit Axe
19:29 Castle Age
18:34 Gold Mining
20:48 Wheelbarrow
20:39 Bloodlines
21:25 Fletching
22:39 Town Watch
23:17 Bow Saw
25:26 Padded Archer Armor
27:25 Horse Collar
28:09 Fishing Lines
30:25 Ballistics
30:53 Bodkin Arrow
32:47 Medium Warships
33:53 Husbandry
34:38 Heavy Plow
38:42 Imperial Age
36:57 Hand Cart
38:17 Scale Barding Armor
38:22 Forging
39:20 Town Patrol
40:27 Chain Barding Armor
41:17 Cavalier
42:04 Vendel Legacy
43:28 Iron Casting
43:57 Heavy Warships
228811348
4:41 Loom
14:59 Feudal Age
16:10 Double-Bit Axe
16:06 Fishing Lines
21:01 Castle Age
19:49 Gold Mining
20:29 Fletching
21:52 Bodkin Arrow
21:26 Man-at-Arms
22:46 Long Swordsman
33:41 Gillnets
35:59 Scale Mail Armor
36:10 Forging
43:55 Imperial Age
41:23 Stone Mining
42:09 Gold Shaft Mining
ecerva.27
5:24 Loom
13:20 Feudal Age
13:43 Man-at-Arms
25:22 Castle Age
24:34 Scale Mail Armor
25:03 Forging
25:01 Double-Bit Axe
26:04 Long Swordsman
llspritell
5:45 Loom
15:33 Feudal Age
18:01 Fishing Lines
18:22 Double-Bit Axe
18:56 Fletching
21:23 Castle Age
21:23 Padded Archer Armor
22:18 Medium Warships
22:21 Gold Mining
22:15 Elite Skirmisher
25:54 Bodkin Arrow
30:33 Careening
32:59 Ballistics
34:50 Leather Archer Armor
35:51 Scale Mail Armor
38:56 Imperial Age
39:26 Wheelbarrow
40:35 Heavy Warships
42:12 Elite Genoese Crossbowman
42:56 Bracer
43:56 Murder Holes
Connection lost

Rejoining the realm…

Still unreachable

The connection could not be restored.

Session expired

The server has moved on; the page needs a fresh start.